 Dungeon Crawl Stone Soup version 0.23-a0-29-g1be82e5 (webtiles) character file.

95 Amnesiac the Digger (level 4, -10/30 HPs)
             Began as a Mummy Earth Elementalist on Aug 3, 2018.
             Killed by divine providence
             ... invoked by an orc priest
              (16 damage)
             ... on level 4 of the Dungeon.
             The game lasted 00:02:36 (1017 turns).

Amnesiac the Digger (Mummy Earth Elementalist)      Turns: 1017, Time: 00:02:37

Health: -10/30     AC:  2    Str: 11    XL:     4   Next: 40%
Magic:  2/9        EV: 12    Int: 15    God:
Gold:   31         SH:  0    Dex: 12    Spells: 0/10 levels left

rFire    x . .     SeeInvis .   a - +1 hunting sling
rCold    + . .     Gourm    .   (no shield)
rNeg     + + +     Faith    .   c - +0 robe
rPois    ∞         Spirit   .   (no helmet)
rElec    .         Reflect  .   (no cloak)
rCorr    .         Harm     .   (no gloves)
MR       .....                  (no boots)
Stlth    ++........             (no amulet)
HPRegen  0.10/turn              (no ring)
MPRegen  0.11/turn              (no ring)

@: no status effects
A: no food or potions, fire vulnerability, cold resistance 1, negative energy
resistance 3, torment resistance, unbreathing
a: no special abilities


You were on level 4 of the Dungeon.
You were not hungry.

You visited 1 branch of the dungeon, and saw 4 of its levels.

You collected 31 gold pieces.

Inventory:

Hand Weapons
 a - a +1 hunting sling (weapon)
Missiles
 b - 8 stones (quivered)
Armour
 c - a +0 robe (worn)
Wands
 f - a wand of disintegration (18)
 i - a wand of polymorph (12)
Scrolls
 h - a scroll of noise {!r}
 j - a scroll of identify {!r}


   Skills:
 - Level 1.5 Dodging
 - Level 1.5 Stealth
 + Level 3.8 Spellcasting
 - Level 0.7 Transmutations
 * Level 3.9 Earth Magic


You couldn't memorise any spells.
You knew the following spells:

 Your Spells              Type           Power        Failure   Level  Hunger
a - Sandblast             Erth           ##....       3%          1    N/A
b - Passwall              Tmut/Erth      #.......     11%         2    N/A
c - Stone Arrow           Conj/Erth      #.....       24%         3    N/A
e - Petrify               Tmut/Erth      #.......     56%         4    N/A

Your spell library contained the following spells:

 Spells                   Type           Power        Failure   Level  Hunger
 Lee's Rapid Deconstruct  Erth           ##........   71%         5    N/A

Dungeon Overview and Level Annotations

Branches:
Dungeon (4/15)
 Temple: D:4-7

Altars:


Innate Abilities, Weirdness & Mutations

You do not eat or drink.
Your flesh is vulnerable to fire.
You are immune to poison.
Your flesh is cold resistant. (rC+)
You are immune to negative energy. (rN+++)
You are immune to unholy pain and torment.
You can survive without breathing.


Message History

The orc priest is moderately wounded.
b - 10 stones The orc priest begins to cast a cantrip, but forgets the words!
Press: ? - help, v - describe, . - travel
Here: an orc priest, wearing a scale mail (moderately wounded)
The floor.
Really read
j - 2 scrolls labeled SIRASU GABBEMN {!r}?
As you read the scroll labeled SIRASU GABBEMN {!r}, it crumbles to dust.
It is a scroll of identify.
h - a scroll of noise {!r} The orc priest hits you.
* * * LOW HITPOINT WARNING * * *
Really read
g - a scroll labeled NYOSIBL BAOW {!r}?
As you read the scroll labeled NYOSIBL BAOW {!r}, it crumbles to dust.
It is a scroll of amnesia.
Okay, then.
The orc priest misses you.
Unknown command.
Really read
d - a scroll labeled GEVVIXTERPHE {!r}?
As you read the scroll labeled GEVVIXTERPHE {!r}, it crumbles to dust.
It is a scroll of enchant weapon.
Your +0 hunting sling glows red for a moment.
The orc priest hits you.
* * * LOW HITPOINT WARNING * * *
Quiver which item? (- for none, * to show all) (? for menu, Esc to quit)
Okay, then.
Casting: Sandblast (safe; 3% risk of failure)
Confirm with . or Enter, or press ? or * to list all spells.
Aiming: Sandblast (safe; 3% risk of failure)
Press: ? - help, Shift-Dir - straight line, f/p - orc priest
Aim: an orc priest, wearing a scale mail (moderately wounded)
The blast of sand hits the orc priest.
The orc priest is heavily wounded.
b - 9 stones Really read
e - a scroll labeled BEHUFO WAWESK {!r}?
As you read the scroll labeled BEHUFO WAWESK {!r}, it crumbles to dust.
You assume a fearsome visage.
The orc priest looks frightened!
It was a scroll of fear {!r}.
A quokka comes into view.
Casting: Sandblast (safe; 3% risk of failure)
Confirm with . or Enter, or press ? or * to list all spells.
Aiming: Sandblast (safe; 3% risk of failure)
Press: ? - help, Shift-Dir - straight line, f - orc
Aim: an orc, wielding a hand axe The blast of sand hits the orc.
You kill the orc!
b - 8 stones The orc misses you.
Things that are here:
a hand axe; an orc corpse A leopard gecko comes into view.
The orc completely misses you.
The leopard gecko moves out of view.
The leopard gecko hisses angrily.
Casting: Sandblast (safe; 3% risk of failure)
Confirm with . or Enter, or press ? or * to list all spells.
Okay, then.
The orc barely misses you. The orc barely misses you.
The orc priest miscasts a cantrip.
Okay, then.
The orc priest mumbles some strange prayers to Beogh against you.
Beogh smites you!
Ouch! That really hurt!
You die...

########..
#.@.....(# .#.
#o######.. ... ##
#.# #o #.# .. #l#
#. #.# #) #.#
#.##.# #.# #)##.#
#o# #.##o#
#.######.#.#.#
####.....o.###..#


You could see an orc priest, an orc and a leopard gecko.

Vanquished Creatures
  A bullfrog zombie (D:4)
  A hound (D:4)
  An adder (D:3)
  A dart slug (D:4)
  4 orcs (D:4)
  A ball python (D:3)
  5 bats
  2 giant cockroaches
  A quokka (D:3)
  2 frilled lizards
  2 goblins (D:1)
  A kobold (D:1)
  A rat (D:3)
23 creatures vanquished.

Notes
Turn   | Place    | Note
-------+----------+-------------------------------------------
     0 | D:1      | Amnesiac the Mummy Earth Elementalist began the quest for the Orb.
     0 | D:1      | Reached XP level 1. HP: 13/13 MP: 4/4
   306 | D:2      | Reached XP level 2. HP: 18/19 MP: 5/5
   337 | D:2      | Learned a level 2 spell: Passwall
   582 | D:4      | Reached XP level 3. HP: 5/24 MP: 0/8
   589 | D:4      | Learned a level 3 spell: Stone Arrow
   861 | D:4      | Reached XP level 4. HP: 30/30 MP: 5/9
   867 | D:4      | Learned a level 4 spell: Petrify
  1017 | D:4      | Killed from afar by an orc priest

Vault maps used:
D:1:      lightli_arrival_flooded_house, minmay_tall_x
D:2:      kennysheep_slug_shrine, first_ration, kennysheep_small_spiral
D:3:      nicolae_qazlal_eye_of_the_storm, nicolae_overflow_crystal_walls,
          gammafunk_temple_overflow_arena, grunt_ministairs_15, st_stairs_10,
          elyvilon_altar_1
D:4:      kennysheep_mini_moat, serial_forest, infiniplex_forest_lined_3,
          infiniplex_forest_clump_double, infiniplex_forest_clump_double,
          infiniplex_forest_zigzag_1, infiniplex_forest_zigzag_1,
          infiniplex_forest_straight_4, infiniplex_forest_straight_2

Skill      XL: |  1  2 |
---------------+-------+-----
Spellcasting   | 3 |  3.8
Earth Magic    | 3 |  3.9
Dodging        | |  1.5
Stealth        | |  1.5
Transmutations | |  0.7

Action                   |  1- 3 |  4- 6 || total
-------------------------+-------+-------++-------
 Fire: Hunting sling     |    39 |     4 ||    43
 Cast: Sandblast         |    24 |    13 ||    37
  Use: Scroll            |       |     4 ||     4
Armor: Robe              |    10 |       ||    10
Dodge: Dodged            |    22 |     6 ||    28

Table legend:
 A = Spawn XP
 B = Non-spawn XP
 C = Spawn XP percentage of total XP
 D = Spawn monster count
 E = Non-spawn monster count
 F = Spawn count percentage of total count
 G = Total turns spent on level
                    A         B        C        D         E        F      G
               +---------+---------+-------+---------+---------+-------+---------
         Total |       0 |     137 |   0.0 |       0 |      23 |   0.0 |  1017
               +---------+---------+-------+---------+---------+-------+---------
           D:1 |       0 |      10 |   0.0 |       0 |       7 |   0.0 |   275
           D:2 |       0 |       2 |   0.0 |       0 |       2 |   0.0 |    63
           D:3 |       0 |      20 |   0.0 |       0 |       6 |   0.0 |   164
           D:4 |       0 |     105 |   0.0 |       0 |       8 |   0.0 |   515
               +---------+---------+-------+---------+---------+-------+---------
